 Dungeon Crawl Stone Soup version 0.29-a0-330-g52719c12eb (webtiles) character file.

Game seed: 14237114468733731258

3934 MalarOregon the Basher (level 10, -1/82 HPs)
             Began as a Palentonga Fighter on Apr 18, 2022.
             Was a Follower of Qazlal.
             Slain by a two-headed ogre
             ... wielding a +0 giant spiked club
              (5 damage)
             ... on level 8 of the Dungeon.
             The game lasted 00:37:19 (10826 turns).

MalarOregon the Basher (Palentonga Fighter)        Turns: 10826, Time: 00:37:20

Health: -1/82      AC: 25    Str: 25    XL:     10   Next: 1%
Magic:  15/15      EV:  6    Int: 14    God:    Qazlal [*.....]
Gold:   1069       SH:  7    Dex: 15    Spells: 10/15 levels left

rFire   . . .      SeeInvis +   H - +2 morningstar (vorpal)
rCold   . . .      Faith    .   c - +0 buckler
rNeg    . . .      Spirit   .   o - +3 ring mail {rPois}
rPois   +          Reflect  .   (helmet restricted)
rElec   .          Harm     .   k - +0 cloak
rCorr   .          Rampage  .   p - +0 pair of gloves
Will    .....                   A - +1 barding
Stlth   +.........              (no amulet)
HPRegen 0.23/turn               D - +6 ring of dexterity
MPRegen 0.14/turn               S - +6 ring of strength

@: curled up
A: large, rugged brown scales 3, see invisible, deformed body, roll 1, armoured
tail, reflexive curl, horns 1, sense surroundings 1
a: Rolling Charge, Renounce Religion


You were on level 8 of the Dungeon.
You worshipped Qazlal.
Qazlal was aware of your devotion.
You visited 2 branches of the dungeon, and saw 9 of its levels.
You also visited: Sewer and Ossuary.

You collected 1431 gold pieces.
You spent 362 gold pieces at shops.


Innate Abilities, Weirdness & Mutations

You are completely covered in rugged brown scales. (AC +3, +7% HP)
You have supernaturally acute eyesight. (SInv)
Armour fits poorly on your strangely shaped body.
You can roll at nearby foes to attack.
You have a long armoured tail.
You curl defensively after being hit. (AC +7*)
You have a pair of small horns on your head.
You passively map a small area around you.


   Skills:
 + Level 6.6 Fighting
 * Level 8.6 Maces & Flails
 + Level 5.5 Armour
 + Level 5.5 Shields
 + Level 3.3 Spellcasting
 + Level 3.8 Translocations


You had 10 spell levels left.
You knew the following spells:

 Your Spells              Type           Power      Damage    Failure   Level
b - Blink                 Tloc           26%        N/A       12%         2
g - Gell's Gravitas       Tloc           13%        N/A       22%         3

Your spell library contained the following spells:

 Spells                   Type           Power      Damage    Failure   Level
 Lesser Beckoning         Tloc           13%        N/A       22%         3
 Teleport Other           Tloc           13%        N/A       22%         3
 Freeze                   Ice            8%         1d3       36%         1
 Passage of Golubria      Tloc           13%        N/A       58%         4
 Frozen Ramparts          Ice            4%         1d2       73%         3
 Manifold Assault         Tloc           13%        N/A       91%         5
 Hailstorm                Conj/Ice       2%         3d3       98%         4
 Silence                  Hex/Air        1%         N/A       100%        5
 Lehudib's Crystal Spear  Conj/Erth      1%         10d2      100%        8

Inventory:

Hand Weapons
 H - a +2 vorpal morningstar (weapon)
   (You took it off Maggie on level 6 of the Dungeon)
Missiles
 d - a javelin (quivered)
 x - 2 boomerangs
 y - 2 throwing nets {=f!f}
 F - 2 silver javelins
 I - 3 datura-tipped darts
Armour
 c - a +0 buckler (worn)
 k - a +0 cloak (worn)
   (You found it on level 7 of the Dungeon)
 o - a +3 ring mail of poison resistance (worn)
   (You took it off Edmund on level 6 of the Dungeon)
 p - a +0 pair of gloves (worn)
   (You found it on level 4 of the Dungeon)
 r - a +1 robe of resistance
   (You took it off Blork the orc on level 4 of the Dungeon)
 z - a +2 leather armour of cold resistance
   (You took it off an orc on level 6 of the Dungeon)
 A - a +1 barding (worn)
   (You found it on level 4 of the Dungeon)
Jewellery
 D - a +6 ring of dexterity (left hand)
   (You found it on level 7 of the Dungeon)
 S - a +6 ring of strength (right hand)
   (You found it on level 5 of the Dungeon)
 Z - a ring of wizardry
   (You found it on level 3 of the Dungeon)
Wands
 b - a wand of iceblast (4)
   (You found it on level 6 of the Dungeon)
 E - a wand of acid (7)
   (You found it on level 8 of the Dungeon)
 L - a wand of flame (13)
   (You found it on level 6 of the Dungeon)
Scrolls
 f - 4 scrolls of teleportation {@r4}
 n - a scroll of fog
 u - a scroll of vulnerability {unknown}
 v - a scroll of immolation {!r!r}
Potions
 a - a potion of ambrosia
 g - 3 potions of lignification {!q}
 j - 2 potions of magic
 l - a potion of flight
 q - 4 potions of curing {@q1}
 s - 4 potions of cancellation
 t - 2 potions of mutation {!q}
 B - 3 potions of resistance
 C - 2 potions of haste {@q3}

Dungeon Overview and Level Annotations

Branches:
Dungeon (8/15)             Temple (1/1) D:6           Sewer (visited)
Ossuary (visited)
   Lair: D:8-11

Altars:
Ashenzari
Cheibriados
Dithmenos
Elyvilon
Fedhas
Gozag
Hepliaklqana
Kikubaaqudgha
Makhleb
Nemelex Xobeh
Okawaru
Qazlal
Ru
Sif Muna
Trog
Uskayaw
Vehumet
Wu Jian
Xom
Yredelemnul
Zin
The Shining One

Shops:
D:5 !!![

Annotations:
D:3 1 runed translucent door, Crazy Yiuf
D:4 ! Grinder the cheos spawn, Grinder

#####.....##...o........##
...##.....##....<.....#.#
,
...##.....##..........#.#*
...#########.............
* ...# #............#
...#########............#
...##.................##
...##.##################*
.......#.(.....O@.......
...##.##.....####....#..
...#####...### ....#,
.#.#####..#######....#
.......#..##/.......## ,
...###.#.###....#...#
.).###.#.# #....#...# * *
...#...#.# #...* ..## *
..)###.#.###.####..# ,


You could see a two-headed ogre.


Message History

Okay, then.
Unknown command.
Saving game... please wait.
Lua error: /dgldir/rcfiles/crawl-git/MalarOregon.rc:496: unexpected symbol near '#' 🤖 Initializing magus.rc ...
Options error: Bad monster_list_colour key: strict_neutral (~/.crawlrc:9171) ✅ Successfully initialized magus.rc [v1.11.3] Options error: Bad channel -- pray (~/.crawlrc:14322) Options error: Bad channel -- food (~/.crawlrc:14325) Options error: Bad channel -- rotten_meat (~/.crawlrc:14342) Welcome back, MalarOregon the Palentonga Fighter.
Qazlal says: Let the forces of nature tear it all down!
Okay, then.
Unknown command.
That's the wrong kind of item! (Use * to select it.)
Aim: a two-headed ogre, wielding a +0 giant spiked club and a +0 giant club
Okay, then.
Unknown command.
Unknown command.
Okay, then.
There's nothing to close nearby.
Okay, then.
Unknown command.
Throw: 2 javelins
Aim: a two-headed ogre, wielding a +0 giant spiked club and a +0 giant club (76% to hit)
You throw a javelin.
The javelin pierces through the two-headed ogre!
You closely miss the two-headed ogre.
Your tail-slap misses the two-headed ogre.
The two-headed ogre hits you with a +0 giant spiked club!!
You block the two-headed ogre's attack.
You impale the two-headed ogre!!
The two-headed ogre hits you with a +0 giant spiked club!!
* * * LOW HITPOINT WARNING * * *
You block the two-headed ogre's attack.
You sock the two-headed ogre!
The two-headed ogre hits you with a +0 giant spiked club!
* * * LOW HITPOINT WARNING * * *
The two-headed ogre hits you but does no damage.
You barely miss the two-headed ogre.
Your headbutt misses the two-headed ogre.
You hit the two-headed ogre.
Your tail-slap misses the two-headed ogre.
The two-headed ogre completely misses you.
The two-headed ogre closely misses you.
You completely miss the two-headed ogre.
The two-headed ogre hits you with a +0 giant spiked club!
* * * LOW HITPOINT WARNING * * *
The two-headed ogre hits you with a +0 giant club.
You die...

Skill      XL: |  1  2  3  4  5  6  7  8  9 |
---------------+----------------------------+-----
Maces & Flails | 3 4 5 6 7 8 |  8.6
Armour         | 3 4 5 |  5.5
Shields        | 3 4 5 |  5.5
Fighting       | 4 5 6 |  6.6
Spellcasting   | 1 3 |  3.3
Translocations | 2 3 |  3.8

Action                   |  1- 3 |  4- 6 |  7- 9 | 10-12 || total
-------------------------+-------+-------+-------+-------++-------
Melee: Flail             |   111 |   174 |   240 |       ||   525
       Tailslap          |    11 |    17 |    42 |       ||    70
       Unarmed           |       |     7 |       |       ||     7
       Headbutt          |       |     4 |    62 |     1 ||    67
       Morningstar       |       |       |    79 |    10 ||    89
Throw: Stone             |       |     2 |     1 |       ||     3
       Dart              |       |     1 |     4 |       ||     5
       Javelin           |       |       |     7 |     1 ||     8
 Abil: Rolling Charge    |     4 |     3 |    23 |       ||    30
Evoke: Wand              |       |     3 |    13 |       ||    16
  Use: Scroll            |       |     5 |    12 |       ||    17
       Potion            |       |     4 |     6 |       ||    10
Armor: Scale mail        |    67 |    82 |   142 |       ||   291
       Skin              |       |     5 |       |       ||     5
       Ring mail         |       |       |   101 |     3 ||   104
Dodge: Dodged            |    42 |    65 |    88 |     3 ||   198
Block: Buckler           |    27 |    31 |    88 |     2 ||   148

Levels and vault maps discovered:
D:1:      roderic_crop_circles_arrival_large, layout_basic,
          minmay_gold_behind_fungi
D:2:      layout_rooms, basic_ecumenical_altar, serial_curves, eino_curves_02,
          eino_curves_01, amcnicky_mini_pool_small
D:3:      layout_loops_ring, mainiacjoe_overflow_large_starburst,
          minmay_quantized, uniq_crazy_yiuf_cottage, uniq_jessica, uniq_robin
D:4:      layout_gridville, uniq_menkaure, uniq_grinder, uniq_blork_the_orc
D:5:      layout_basic, gup_sewer_entry_glass, minmay_shop_grid_forest
D:6:      minmay_angry_zag, layout_basic, kennysheep_little_box,
          minmay_temple_entry_arrows, chequers_ossuary_entry_cave, uniq_maggie,
          uniq_edmund
D:7:      layout_basic
D:8:      minmay_recursive_quarters, layout_basic
Temple:   mainiacjoe_temple_bowtie_tessellation

Notes
Turn   | Place    | Note
-------+----------+-------------------------------------------
     0 | D:1      | MalarOregon the Palentonga Fighter began the quest for the
                  | Orb.
     0 | D:1      | Reached XP level 1. HP: 19/19 MP: 1/1
     0 | D:1      | magus.rc [v1.9.6]
   261 | D:1      | Reached XP level 2. HP: 25/25 MP: 2/2
   430 | D:1      | magus.rc [v1.11.3]
   620 | D:1      | You pick up a book of Displacement and begin reading...
   620 | D:1      | You add the spells Lesser Beckoning, Gell's Gravitas and
                  | Teleport Other to your library.
   949 | D:2      | Reached XP level 3. HP: 31/31 MP: 3/3
  1084 | D:2      | Found a faded altar of an unknown god.
  1427 | D:2      | Reached skill level 3 in Maces & Flails
  1657 | D:3      | Noticed Robin
  1671 | D:3      | Reached XP level 4. HP: 30/37 MP: 4/4
  1819 | D:2      | HP: 3/37 [Robin/+0 trident (8)]
  1820 | D:2      | Killed Robin
  2167 | D:3      | You pick up a book of Frost and begin reading...
  2167 | D:3      | You add the spells Freeze, Frozen Ramparts and Hailstorm to
                  | your library.
  2435 | D:3      | Reached skill level 3 in Armour
  2435 | D:3      | Reached skill level 3 in Shields
  2469 | D:3      | Reached XP level 5. HP: 28/44 MP: 5/5
  2665 | D:3      | Found a shadowy altar of Dithmenos.
  2680 | D:3      | Found a hide-covered altar of Uskayaw.
  2682 | D:3      | Noticed Jessica
  2689 | D:3      | Killed Jessica
  2771 | D:3      | Reached skill level 4 in Maces & Flails
  2780 | D:3      | HP: 11/44 [gnoll/+0 flail (1)]
  3191 | D:3      | Reached skill level 4 in Fighting
  3468 | D:3      | Found a runed translucent door.
  3469 | D:3      | Noticed Crazy Yiuf
  3602 | D:4      | Reached XP level 6. HP: 38/51 MP: 6/6
  4081 | D:4      | Noticed Blork the orc
  4090 | D:4      | Gained mutation: You have a pair of small horns on your
                  | head. [potion of mutation]
  4090 | D:4      | Gained mutation: You passively map a small area around you.
                  | [potion of mutation]
  4101 | D:4      | HP: 18/76 [Blork the orc/+0 battleaxe (13)]
  4102 | D:4      | Killed Blork the orc
  4588 | D:4      | Reached skill level 5 in Maces & Flails
  4636 | D:4      | Gained mutation: You curl defensively after being hit. (AC
                  | +7*) [Palentonga growth]
  4636 | D:4      | Reached XP level 7. HP: 57/58 MP: 7/7
  4750 | D:4      | Noticed Grinder
  4762 | D:4      | Noticed Grinder
  4762 | D:4      | Grinder changed into Grinder the chaos spawn
  4960 | D:5      | Entered Level 5 of the Dungeon
  4960 | D:5      | Found Raoffyig's Distillery.
  4960 | D:5      | Found Ynorus's Distillery.
  4960 | D:5      | Found Daomohue's Distillery.
  4969 | D:5      | Found Peleo's Armour Shoppe.
  5252 | D:5      | Found a glowing drain.
  5286 | Sewer    | Entered a sewer
  5724 | Sewer    | Reached skill level 4 in Shields
  5754 | Sewer    | Found a viscous altar of Jiyva.
  5816 | Sewer    | Reached skill level 4 in Armour
  5938 | D:5      | Bought a potion of curing for 33 gold pieces
  5938 | D:5      | Bought a potion of resistance for 110 gold pieces
  5938 | D:5      | Bought a potion of invisibility for 88 gold pieces
  5938 | D:5      | Bought a potion of magic for 88 gold pieces
  5938 | D:5      | Bought a potion of lignification for 33 gold pieces
  5947 | D:5      | Bought a potion of degeneration for 10 gold pieces
  6252 | D:6      | Reached skill level 6 in Maces & Flails
  6256 | D:6      | Reached skill level 5 in Fighting
  6270 | D:6      | Reached XP level 8. HP: 50/66 MP: 8/8
  6308 | D:6      | Found a sand-covered staircase.
  6321 | Ossuary  | Entered an ossuary
  6587 | D:6      | You pick up a book of Spatial Translocations and begin
                  | reading...
  6587 | D:6      | You add the spells Blink and Manifold Assault to your
                  | library.
  6591 | D:6      | Learned a level 2 spell: Blink
  6595 | D:6      | Learned a level 3 spell: Gell's Gravitas
  6614 | D:6      | Noticed Edmund
  6627 | D:6      | Killed Edmund
  6869 | D:6      | Reached skill level 1 in Spellcasting
  6869 | D:6      | Reached skill level 1 in Translocations
  7060 | D:6      | Found a staircase to the Ecumenical Temple.
  7072 | Temple   | Entered the Ecumenical Temple
  7319 | Temple   | Became a worshipper of Qazlal Stormbringer
  7637 | D:6      | Noticed Maggie
  7650 | D:6      | HP: 11/67 [Maggie/+2 vorpal morningstar (10)]
  8166 | D:6      | Found an opulent altar of Gozag.
  8201 | D:6      | Killed Maggie
  8202 | D:6      | Reached skill level 7 in Maces & Flails
  8202 | D:6      | Reached skill level 2 in Translocations
  8638 | D:7      | Identified a scroll of acquirement
  8638 | D:7      | Acquired 646 gold pieces
  8746 | D:7      | HP: 17/68 [orc warrior/+0 scimitar (9)]
  8759 | D:7      | Reached XP level 9. HP: 21/73 MP: 11/11
  9112 | D:7      | Reached skill level 2 in Spellcasting
  9563 | D:7      | Reached skill level 5 in Shields
  9629 | D:8      | Reached skill level 6 in Fighting
  9656 | D:8      | You pick up a book of the Moon and begin reading...
  9656 | D:8      | You add the spells Passage of Golubria, Silence and
                  | Lehudib's Crystal Spear to your library.
  9682 | D:8      | Reached skill level 5 in Armour
  9692 | D:8      | Reached * piety under Qazlal
  9797 | D:8      | Reached skill level 3 in Translocations
  9820 | D:8      | HP: 9/73 [acid dragon/splash of acid (19)]
 10303 | D:8      | Noticed a two-headed ogre
 10317 | D:8      | Reached skill level 8 in Maces & Flails
 10568 | D:8      | Reached skill level 3 in Spellcasting
 10755 | D:8      | Killed a two-headed ogre
 10756 | D:8      | Reached XP level 10. HP: 78/82 MP: 13/15
 10787 | D:8      | magus.rc [v1.11.3]
 10805 | D:8      | Noticed a two-headed ogre
 10823 | D:8      | HP: 13/82 [two-headed ogre/+0 giant spiked club (13)]
 10826 | D:8      | HP: 4/82 [two-headed ogre/+0 giant spiked club (10)]
 10826 | D:8      | Slain by a two-headed ogre

Vanquished Creatures
  A two-headed ogre (D:8)
  Maggie (D:6)
  4 steam dragons
  Edmund (D:6)
  2 orc warriors
  An ogre (D:6)
  A black bear (D:7)
  4 centaurs
  A phantom (D:6)
  An elf zombie (Ossuary)
  Blork the orc (D:4)
  4 bullfrogs
  4 scorpions
  A howler monkey (D:6)
  A centaur zombie (Ossuary)
  5 orc priests
  A gnoll shaman (D:8)
  5 jellies
  3 hounds
  Jessica (D:3)
  5 orc wizards
  2 mummies (Ossuary)
  Robin (D:2)
  11 gnolls
  2 river rats (Sewer)
  14 adders
  2 white imps
  A worm (Sewer)
  4 dart slugs
  18 orcs
  11 endoplasms
  7 giant cockroaches
  13 goblins
  11 hobgoblins
  8 jackals
  4 kobolds
  4 quokkas
  5 ball pythons
  6 bats
  3 frilled lizards
  4 gnoll zombies (Ossuary)
  4 goblin zombies (Ossuary)
  3 hobgoblin zombies (Ossuary)
  An orc zombie (Ossuary)
  7 rats
194 creatures vanquished.

Vanquished Creatures (collateral kills)
  An orc wizard (D:6)
  3 orcs
  A kobold (D:4)
5 creatures vanquished.

Vanquished Creatures (others)
  An orc wizard (D:4)
  A fungus (D:1)
  18 plants (D:1)
  2 toadstools (D:1)
22 creatures vanquished.

Grand Total: 221 creatures vanquished

Table legend:
 A = Non-vault XP
 B = Vault XP
 C = Vault XP percentage of total XP
 D = Non-vault monster count
 E = Vault monster count
 F = Vault count percentage of total count
                 A         B        C        D         E       F
            +---------+---------+-------+---------+---------+-------
      Total |    2727 |    2893 |  51.5 |     128 |      71 |  35.7
            +---------+---------+-------+---------+---------+-------
        D:1 |      22 |       0 |   0.0 |      13 |       0 |   0.0
        D:2 |      67 |      17 |  20.2 |      23 |       2 |   8.0
        D:3 |     188 |      76 |  28.8 |      19 |      16 |  45.7
        D:4 |     299 |      90 |  23.1 |      22 |       1 |   4.3
        D:5 |     150 |      29 |  16.2 |       4 |       3 |  42.9
        D:6 |     609 |     707 |  53.7 |      20 |       5 |  20.0
        D:7 |     743 |       0 |   0.0 |      17 |       0 |   0.0
        D:8 |     649 |    1562 |  70.6 |      10 |       7 |  41.2
      Sewer |       0 |     219 | 100.0 |       0 |      21 | 100.0
    Ossuary |       0 |     193 | 100.0 |       0 |      16 | 100.0
            +---------+---------+-------+---------+---------+-------

Illustrated notes

Table legend:
 A = Kills in this place as a percentage of kills in entire the game.
 B = Kills by you in this place as a percentage of kills by you in the entire game.
 C = Kills by friends in this place as a percentage of kills by friends in the entire game.
 D = Other kills in this place as a percentage of other kills in the entire game.
 E = Experience gained in this place as a percentage of experience gained in the entire game.
 F = Experience gained in this place divided by the number of levels of this place that you have seen.
                   A       B       C       D       E      F
               +-------+-------+-------+-------+-------+----------------------
         Total | 100.0 | 100.0 | 100.0 |   N/A | 100.0 | 510.9
       Dungeon |  81.4 |  80.9 | 100.0 |   N/A |  92.7 | 651.0
         Sewer |  10.6 |  10.8 |   0.0 |   N/A |   3.9 | 219.0
       Ossuary |   8.0 |   8.2 |   0.0 |   N/A |   3.4 | 193.0
               +-------+-------+-------+-------+-------+----------------------

Table legend: (Time is in decaauts)
 A = Elapsed time spent in this place.
 B = Non-inter-level travel time spent in this place.
 C = Inter-level travel time spent in this place.
 D = Time resting spent in this place.
 E = Time spent auto-exploring this place.
 F = Levels seen in this place.
 G = Mean time per level.
                   A        B        C        D        E       F      G
               +--------+--------+--------+--------+--------+-----+--------+
         Total |  10981 |  10561 |    420 |   3687 |   4783 |  11 |  998.3 |
       Dungeon |   9832 |   9456 |    376 |   3434 |   4216 |   8 | 1229.0 |
        Temple |    259 |    215 |     44 |      0 |    200 |   1 |  259.0 |
         Sewer |    627 |    627 |      0 |    253 |    216 |   1 |  627.0 |
       Ossuary |    263 |    263 |      0 |      0 |    150 |   1 |  263.0 |
               +--------+--------+--------+--------+--------+-----+--------+

Top non-repeatable levels by time:
     D:6: 1860 daAuts
     D:7: 1684 daAuts
     D:3: 1511 daAuts
     D:4: 1421 daAuts
     D:2: 1203 daAuts
     D:1: 898 daAuts
     D:5: 732 daAuts
   Sewer: 627 daAuts
     D:8: 521 daAuts
 Ossuary: 263 daAuts
  Temple: 259 daAuts
